[Event "*** Titled Tuesday Blitz"]
[Site "Chess.com"]
[Date "2020.11.24"]
[Round "9"]
[White "PriSachu"]
[Black "Gusarov91"]
[Result "0-1"]
[WhiteElo "2533"]
[BlackElo "2670"]
[TimeControl "180+1"]
[EndTime "12:03:47 PST"]
[Termination "Gusarov91 won by resignation"]

1. e4 c6 2. d4 Na6 3. Nf3 Nc7 4. Bd3 d5 5. exd5 Nxd5 6. O-O Ngf6 7. Re1 Bg4 8. h3 Bh5 9. c3 e6 10. Nbd2 Be7 11.
Nf1 O-O 12. Ng3 Bg6 13. Bxg6 hxg6 14. Bg5 Nd7 15. Bxe7 Nxe7 16. Qe2 Nd5 17. Rad1 Re8 18. Ne4 N7f6 19. Neg5 Nh7 20. Nxh7 Kxh7 21. c4 Nb6 22. b3 Kg8 23. Qe3 Qf6 24. Ne5 Rad8 25. Qg3 Nd7 26. Ng4 Qg5 27. h4 Qf5 28. Re3 Nf6 29. Nxf6+ Qxf6 30. Rf3 Rxd4 31. Rxf6 Rxd1+ 32. Kh2 gxf6 33. Qf3 Rd2 34.
Qxf6 Rxa2 35. g4 e5 36. h5 gxh5 37. gxh5 Re6 38. Qd8+ Kh7 39. Qf8 Rxf2+ 40. Kg3 Rf4 41.
Qc8 b5 42. cxb5 cxb5 43. Qc2+ Kg7 44. Qc3 b4 45. Qe3 Rf5 46. Kg4 Ref6 47. h6+ Kh7 48.
Qxa7 Rf4+ 49. Kg3 Rg6+ 50. Kh3 Rxh6+ 51. Kg3 Rg6+ 52. Kh3 Rf5 53. Kh4 Rf1 54. Qb7 Rh1+ 55. Qxh1 Rh6+ 56. Kg5 Rxh1 0-1

[Event "*** Titled Tuesday Blitz"]
[Site "Chess.com"]
[Date "2020.11.24"]
[Round "9"]
[White "Chigorinetz"]
[Black "Grieve72"]
[Result "0-1"]
[WhiteElo "2550"]
[BlackElo "2438"]
[TimeControl "180+1"]
[EndTime "12:03:47 PST"]
[Termination "Grieve72 won by resignation"]

1. e4 c5 2. Nc3 e6 3. Nge2 Nc6 4.
g3 Nf6 5. Bg2 d5 6. exd5 exd5 7.
d4 cxd4 8. Nxd4 Bg4 9. Qd3 Bc5 10. Be3 Qb6 11. Nb3 Bxe3 12. Qxe3+ Qxe3+ 13. fxe3 Nb4 14. Kd2 O-O 15. a3 Nc6 16. h3 Bh5 17. g4 Bg6 18. g5 Ne4+ 19. Bxe4 dxe4 20. Nb5 Rad8+ 21. N5d4 Rd5 22. h4 Bh5 23. Rhf1 Ne5 24. Ke1 Rc8 25. Nd2 Rxc2 26. Kf2 Rxd2+ 27. Kg3 Ng6 28. Rac1 Rd8 29. Rc7 Nf8 30. Rxb7 h6 31. a4 Ne6 32. Nxe6 fxe6 33. gxh6 gxh6 34. Rg1 Kh8 35. Kf4 R2d5 36. b4 Rf5+ 37. Kg3 Rg8+ 38. Kh2 Rf2+ 39. Kh3 Rxg1 40. Rb8+ Rg8 41. Rb7 Rf3+ 42. Kh2 Rf2+ 43. Kh3 Rf3+ 44. Kh2 Rxe3 45. Rxa7 Re2+ 46. Kh3 Bg6 47. Kg4 Bf5+ 48.
Kf4 Rf2+ 49. Ke5 e3 50. Rc7 e2 51. Rc1 Rf1 52. Kf6 Rxc1 0-1

[Event "*** Titled Tuesday Blitz"]
[Site "Chess.com"]
[Date "2020.11.24"]
[Round "9"]
[White "Leonid_Starozhilov"]
[Black "Chessdreamer2020"]
[Result "1-0"]
[WhiteElo "2661"]
[BlackElo "2522"]
[TimeControl "180+1"]
[EndTime "12:03:49 PST"]
[Termination "Leonid_Starozhilov won by checkmate"]

1. e4 d6 2. c4 Nf6 3. Nc3 e5 4. g3 Nc6 5. Bg2 Be7 6. Nge2 O-O 7. O-O Be6 8. d3 Nd7 9. Nd5 f5 10. Nec3 fxe4 11. Nxe4 Nd4 12. Be3 c6 13. Nxe7+ Qxe7 14. Bxd4 exd4 15. f4 Nc5 16. Nxc5 dxc5 17. Qd2 Qd7 18.
Rae1 Rae8 19. Re5 Bf5 20. Rfe1 Rxe5 21. Rxe5 Re8 22. Rxe8+ Qxe8 23. Kf2 h5 24. Bf3 g6 25.
Qe2 Qxe2+ 26. Kxe2 Kf7 27. Kd2 Ke6 28. a3 Kd6 29. Be2 Bg4 30. Bxg4 hxg4 31. Ke2 b5 32. b3 a5 33. a4 b4 34. Kf2 Ke6 35. Kg2 Kf5 36. h3 g5 37. hxg4+ Kxg4 38. fxg5 Kxg5 39. Kf3 Kf5 40. g4+ Kg5 41. Kg3 Kg6 42. Kf4 Kf6 43. g5+ Kg6 44. Kg4 Kg7 45. Kf5 Kf7 46.
g6+ Kg7 47. Kg5 Kg8 48. Kf6 Kf8 49. Ke6 Kg7 50. Kd6 Kxg6 51. Kxc5 Kf5 52. Kxd4 Kf4 53. Kc5 Ke3 54. d4 Kd3 55. d5 cxd5 56. cxd5 Kc3 57. d6 Kxb3 58. d7 Ka2 59. d8=Q b3 60. Qxa5 b2 61.
Qb4 b1=Q 62. Qxb1+ Kxb1 63. a5 Kc2 64. a6 Kd3 65. a7 Ke4 66. a8=Q+ Ke5 67. Qd5+ Kf4 68. Qe6 Kg3 69. Qf5 Kg2 70. Qf4 Kg1 71. Qd2 Kh1 72. Kd4 Kg1 73. Ke3 Kh1 74. Kf3 Kg1 75.
Qg2# 1-0

[Event "*** Titled Tuesday Blitz"]
[Site "Chess.com"]
[Date "2020.11.24"]
[Round "9"]
[White "aa175"]
[Black "PIwan"]
[Result "1-0"]
[WhiteElo "2320"]
[BlackElo "2541"]
[TimeControl "180+1"]
[EndTime "12:03:49 PST"]
[Termination "aa175 won by resignation"]

1. d4 d5 2. Bf4 Nf6 3. e3 e6 4. Nf3 Bd6 5. Nbd2 c5 6. c3 Bxf4 7. exf4 Qc7 8. g3 O-O 9. Bd3 b6 10. Qe2 a5 11. a4 Ba6 12. Bb5 Bxb5 13. axb5 Nbd7 14. O-O cxd4 15. Nxd4 Nc5 16. Qe5 Qd7 17. f5 Rfe8 18. fxe6 Nxe6 19. Rfe1 Nxd4 20. Qxd4 Qxb5 21. Rxe8+ Rxe8 22. b4 h6 23. bxa5 bxa5 24. Qa4 Qe2 25. Nb3 Ng4 26. Rf1 Re4 27. Nd4 Qd3 28. Qd7 Nxh2 29. Qc8+ Kh7 30. Qf5+ Kh8 31. Kxh2 Qxf1 32. Qc8+ Kh7 33. Qf5+ Kg8 34. Qc8+ Kh7 35. Qf5+ Kh8 36. Qc8+ Re8 37. Qxe8+ Kh7 38. Qxf7 Qd3 39. Qxd5 a4 40. Qe5 a3 41. c4 a2 42. Nf5 Qd7 43. c5 a1=Q 44.
Qxa1 Qxf5 45. Qd4 Qe6 46. Kg2 Qc6+ 47. f3 Qe6 48. Qe4+ Qxe4 49. fxe4 Kg8 50. c6 Kf7 51. c7 Ke7 52. c8=Q Kf6 53. Qc5 g5 54. Kf3 h5 55. Qf5+ Ke7 56. Qxg5+ Ke6 57. Qxh5 Kd6 58. Qf5 1-0

[Event "*** Titled Tuesday Blitz"]
[Site "Chess.com"]
[Date "2020.11.24"]
[Round "9"]
[White "OK97"]
[Black "Iskusnyh"]
[Result "1-0"]
[WhiteElo "2789"]
[BlackElo "2613"]
[TimeControl "180+1"]
[EndTime "12:03:50 PST"]
[Termination "OK97 won by checkmate"]

1. d4 d5 2. c4 c6 3. Nf3 Nf6 4. Qb3 dxc4 5. Qxc4 Bf5 6. g3 e6 7. Bg2 Be7 8. O-O O-O 9. e3 Nbd7 10. Rd1 Qc7 11. Nc3 e5 12. e4 Bg4 13. Be3 exd4 14. Bxd4 Bxf3 15. Bxf3 Ne5 16. Qe2 Nxf3+ 17. Qxf3 Rad8 18.
Rac1 Qa5 19. a3 Rfe8 20. Kg2 Nd7 21. Bxg7 Kxg7 22. Rxd7 Rxd7 23. Qg4+ Qg5 24. Qxd7 Rd8 25. Qxb7 Qxc1 26. Qxe7 Rd2 27. Qg5+ Kf8 28. Qc5+ Kg8 29. Qg5+ Kf8 30. Qc5+ Kg8 31. Qxc6 Rxb2 32. Qe8+ Kg7 33.
Qe5+ Kg8 34. Nd5 Rb1 35. Nf6+ Kf8 36. Nxh7+ Kg8 37. Nf6+ Kf8 38. Qd6+ Kg7 39. Nh5+ Kg8 40. Nf6+ Kg7 41. Nh5+ Kg8 42. Qd8+ Kh7 43. Nf6+ Kg7 44. Ne8+ Kh7 45. Qh4+ Kg6 46. Qf6+ Kh5 47. Ng7+ Kg4 48. h3# 1-0

[Event "*** Titled Tuesday Blitz"]
[Site "Chess.com"]
[Date "2020.11.24"]
[Round "9"]
[White "mbachez"]
[Black "Fh2411"]
[Result "1-0"]
[WhiteElo "2452"]
[BlackElo "2547"]
[TimeControl "180+1"]
[EndTime "12:03:50 PST"]
[Termination "mbachez won by resignation"]

1. e4 c5 2. Nf3 e6 3. g3 d5 4. exd5 exd5 5. d4 c4 6. Bg2 Nf6 7. O-O Be7 8. b3 cxb3 9. axb3 O-O 10. c4 Nc6 11. h3 h6 12. Nc3 Be6 13. c5 a6 14. Re1 Bf5 15. Ba3 Ne4 16. Bb2 Nb4 17. Re2 Bf6 18. Ra4 Nc6 19. g4 Bg6 20. Ne1 Re8 21.
Nxe4 Bxe4 22. Bxe4 Rxe4 23. Nc2 Qe7 24. Rxe4 Qxe4 25. Ra1 Re8 26. Qe1 Qxe1+ 27. Nxe1 Rxe1+ 28. Rxe1 Nxd4 29. Bxd4 Bxd4 30. Re8+ Kh7 31. Rb8 Bxc5 32. Rxb7 a5 33. Rxf7 d4 34. Rf5 Bb4 35. Rd5 Bc3 36. Kf1 Kg6 37. Ke2 Kf6 38. Kd3 Ke6 39. Rxd4 Bxd4 40.
Kxd4 g5 41. Kc4 Ke5 42. Kb5 Kf4 43. Kxa5 Kf3 44. b4 Kxf2 45. b5 Kg3 46. b6 Kxh3 47. b7 Kxg4 48. b8=Q h5 49. Qb4+ Kh3 50. Qc3+ Kh4 51.
Qf6 Kg4 52. Kb5 h4 53. Kc4 h3 54. Kd4 h2 55. Qc6 Kg3 56. Qh1 g4 57. Ke3 Kh3 58.
Kf4 g3 59. Kf3 Kh4 60. Qg2 1-0

[Event "*** Titled Tuesday Blitz"]
[Site "Chess.com"]
[Date "2020.11.24"]
[Round "9"]
[White "annacramling"]
[Black "Ashedu66"]
[Result "1-0"]
[WhiteElo "2080"]
[BlackElo "2223"]
[TimeControl "180+1"]
[EndTime "12:03:51 PST"]
[Termination "annacramling won on time"]

1. d4 d6 2. Nf3 Bg4 3. e4 Nf6 4. Nc3 e6 5. Bg5 Be7 6. Be2 d5 7. e5 Nfd7 8. Bxe7 Qxe7 9. O-O a6 10. Nd2 Bxe2 11. Qxe2 c5 12. dxc5 Nc6 13. f4 Qxc5+ 14.
Kh1 O-O 15. Rf3 Nd4 16. Nb3 Nxe2 17. Nxc5 Nxc5 18. Nxe2 Rac8 19. c3 Ne4 20. Nd4 b5 21. a3 Rc7 22. Rd1 Rfc8 23. f5 exf5 24. Rxf5 Nc5 25. Ne2 Rd7 26. h3 Ne6 27. Nf4 Nxf4 28. Rxf4 Re8 29. Re1 Rde7 30. Rf5 f6 31. e6 Rxe6 32.
Rxe6 Rxe6 33. Rxd5 Re2 34. Rd6 Rxb2 35. Rxa6 Rb3 36. Rb6 Rxa3 37. Rxb5 Rxc3 38. Rb7 h5 39. Kh2 Kh7 40. h4 Ra3 41. g3 Kg6 42. Kh3 Rc3 43.
Rb5 f5 44. Rb6+ Kh7 45. Rb5 g6 46. Rb7+ Kg8 47. Ra7 Rb3 48. Kg2 1-0

[Event "*** Titled Tuesday Blitz"]
[Site "Chess.com"]
[Date "2020.11.24"]
[Round "9"]
[White "azikom"]
[Black "shnitez"]
[Result "1-0"]
[WhiteElo "2612"]
[BlackElo "2512"]
[TimeControl "180+1"]
[EndTime "12:03:53 PST"]
[Termination "azikom won by resignation"]

1. d4 Nf6 2. Nf3 e6 3. c4 b6 4.
Nc3 Bb7 5. Qc2 Bb4 6. a3 Bxc3+ 7. Qxc3 O-O 8. g3 d5 9. Bg2 dxc4 10. Qxc4 Bd5 11.
Qc2 Nc6 12. Be3 Ng4 13. O-O Na5 14. Bg5 f6 15. Bf4 e5 16. dxe5 Nxe5 17. Bxe5 fxe5 18.
Rad1 e4 19. Nd4 Qe7 20. b4 Nc4 21. Qc3 Rad8 22. Nc6 Qe6 23. Nxd8 Rxd8 24. Rd4 c6 25. Rfd1 Rf8 26. Bxe4 Bxe4 27. Qxc4 Bd5 28. Rxd5 cxd5 29. Qxd5 Qxd5 30. Rxd5 h6 31. Rd7 a5 32. bxa5 bxa5 33.
Rd5 Ra8 34. a4 Kf7 35. Kg2 Ke6 36. Rb5 Kd6 37. h4 Kc6 38. h5 Kd6 39. f4 Kc6 40.
Kf3 Kd6 41. e4 Kc6 42. e5 Ra7 43. Kg4 Kd7 44. Kf5 Ke7 45. g4 Kf7 46. g5 hxg5 47. Kxg5 Kg8 48. f5 Kh7 49. e6 Kh8 50. Rd5 Kh7 51. Rd7 Ra8 52. h6 Rb8 53. Rxg7+ Kh8 54.
Ra7 Rg8+ 55. Kf4 Rg1 56. Ke5 Re1+ 57. Kf6 Rf1 58. e7 Re1 59. Ra8+ Kh7 60. e8=Q Re7 1-0

[Event "*** Titled Tuesday Blitz"]
[Site "Chess.com"]
[Date "2020.11.24"]
[Round "9"]
[White "elohunter1999"]
[Black "woodhy"]
[Result "0-1"]
[WhiteElo "2560"]
[BlackElo "2465"]
[TimeControl "180+1"]
[EndTime "12:03:53 PST"]
[Termination "woodhy won by resignation"]

1. e4 e6 2. d4 d5 3. Nc3 Bb4 4. e5 c5 5. a3 Bxc3+ 6. bxc3 Ne7 7. Qg4 Qc7 8. Qxg7 Rg8 9. Qxh7 cxd4 10. Ne2 Nbc6 11.
f4 Bd7 12. h4 dxc3 13. h5 d4 14. h6 O-O-O 15. Qd3 Rg6 16. h7 Rh8 17. Nxd4 Nxd4 18. Qxd4 Rg7 19. Bd3 Rxg2 20. Qxa7 Nc6 21. Qa8+ Nb8 22.
Be3 Bc6 23. O-O-O Qe7 24. Qa5 Rg3 25. Bc5 Qe8 26. Qxc3 Bxh1 27. Rxh1 Qc6 28. Bd4 Qxc3 29. Bxc3 Nd7 30. f5 Nc5 31. f6 Nxd3+ 32. cxd3 Rxd3 33. Bb4 Rd5 34. Rh5 Kd7 35. Be7 Kc6 36. Kc2 Rd4 37. Kc3 Kd5 38. Bd6 Re4 39. Kd3 b5 40. Be7 Rxe5 41.
Rh3 Re4 42. Rh5+ e5 43. Bf8 Rxf8 44. h8=Q Rxh8 45. Rxh8 Rd4+ 46. Kc3 Ke6 47. Rb8 Rd5 48. Rb6+ Kf5 49. Rc6 e4 50. Rc7 Kxf6 51. Kc2 Ke6 52. Rc3 f5 53. Rh3 Ke5 54. Rf3 exf3 0-1

[Event "*** Titled Tuesday Blitz"]
[Site "Chess.com"]
[Date "2020.11.24"]
[Round "9"]
[White "Zarikovs1999"]
[Black "Sanyura"]
[Result "1-0"]
[WhiteElo "2397"]
[BlackElo "2505"]
[TimeControl "180+1"]
[EndTime "12:03:53 PST"]
[Termination "Zarikovs1999 won on time"]

1. e4 c6 2. d4 d5 3. Nc3 dxe4 4.
Nxe4 Bf5 5. Ng3 Bg6 6. Nf3 Nd7 7. h4 h6 8. h5 Bh7 9. Bd3 Bxd3 10. Qxd3 e6 11. Bd2 Ngf6 12. O-O-O Be7 13. Kb1 Qb6 14. c4 O-O-O 15. Bc3 Qa6 16. Qe2 Nb6 17. b3 Rd7 18.
Ne5 Ba3 19. Nxd7 Nbxd7 20. Ne4 Nd5 21. Qd3 Nxc3+ 22. Qxc3 f5 23. Nc5 Nxc5 24. dxc5 Bxc5 25. Qxg7 Rf8 26. Qd7+ Kb8 27. Qxe6 Qa5 28. Qe5+ Ka8 29. Rhe1 a6 30. Rd3 Qb6 31. f3 a5 32. Qg7 a4 33. Qxh6 Bb4 34. Qe3 Bc5 35. Qe2 Rh8 36.
Red1 Ka7 37. g4 fxg4 38. fxg4 Rf8 39. Rf1 Rg8 40. h6 Rh8 41. g5 Qb4 42. Qd2 Qb6 43.
g6 axb3 44. Rxb3 Qc7 45. g7 Rd8 46. Qc2 Bd4 47. Ra3+ Kb8 48. Rd1 Qb6+ 49. Rb3 Qa5 50. Qe4 Qc5 51. Rxd4 Rxd4 52. g8=Q+ Ka7 53. Qg1 1-0

[Event "*** Titled Tuesday Blitz"]
[Site "Chess.com"]
[Date "2020.11.24"]
[Round "9"]
[White "Omk124"]
[Black "ZenBull"]
[Result "1/2-1/2"]
[WhiteElo "2337"]
[BlackElo "2152"]
[TimeControl "180+1"]
[EndTime "12:03:53 PST"]
[Termination "Game drawn by repetition"]

1. e4 c5 2. Nf3 e6 3. d4 cxd4 4. Nxd4 Nc6 5. Nc3 Qc7 6. g3 a6 7.
Bg2 d6 8. O-O Bd7 9. Be3 Be7 10.
Qe2 Nf6 11. Rad1 Nxd4 12. Bxd4 Bc6 13. Rfe1 O-O 14. h3 b5 15. a3 Rac8 16. Kh2 a5 17.
e5 dxe5 18. Bxe5 Qb7 19. Bxc6 Qxc6 20. Nxb5 Qxc2 21. Rd2 Qb3 22. Nd4 Qb7 23. Qb5 Qxb5 24. Nxb5 Rfd8 25. Red1 Rxd2 26. Rxd2 Nd5 27. Nc3 Nxc3 28.
Bxc3 a4 29. Rd7 Bf6 30. Bxf6 gxf6 31. Rd4 Rc2 32. Kg2 Rxb2 33. Rxa4 Ra2 34. Ra8+ Kg7 35. a4 f5 36. a5 Kf6 37. h4 h5 38. a6 Ke5 39. Kf3 f6 40. Kg2 Ke4 41. a7 e5 42.
Rh8 Rxa7 43. Rxh5 f4 44. gxf4 Kxf4 45. Rh6 f5 46. Rg6 e4 47. h5 Rh7 48. h6 e3 49. fxe3+ Kxe3 50. Kg3 Ke4 51. Kh4 f4 52.
Kg4 Ke5 53. Kh5 f3 54. Rg8 Ke4 55. Rf8 Ke3 56. Kg6 Rxh6+ 57. Kxh6 f2 58. Kg5 Ke2 59. Re8+ Kd2 60. Rf8 Ke2 61. Re8+ Kd2 62. Rf8 Ke2 1/2-1/2

[Event "*** Titled Tuesday Blitz"]
[Site "Chess.com"]
[Date "2020.11.24"]
[Round "9"]
[White "Chopper1905"]
[Black "Grandelicious"]
[Result "0-1"]
[WhiteElo "2955"]
[BlackElo "2854"]
[TimeControl "180+1"]
[EndTime "12:03:54 PST"]
[Termination "Grandelicious won by resignation"]

1. d4 d5 2. c4 e6 3. Nc3 a6 4.
cxd5 exd5 5. Nf3 h6 6. Bf4 Nf6 7. e3 Bd6 8. Bxd6 Qxd6 9. Bd3 Bg4 10. h3 Bxf3 11. Qxf3 Nbd7 12. O-O O-O 13. a3 c6 14.
Rab1 Rfe8 15. Rfc1 Rac8 16. b4 b5 17. a4 Nb6 18. a5 Nc4 19. Bxc4 bxc4 20. Rb2 Rb8 21. Ra1 Rxb4 22. Qe2 Rxb2 23. Qxb2 Rb8 24. Qc2 Rb3 25. Na4 Nd7 26. e4 Qb4 27. exd5 cxd5 28. Qf5 Nf8 29.
Nc5 Ra3 30. Rb1 Qxa5 31. Rb7 Qe1+ 32. Kh2 Qe8 33. Qxd5 c3 34. Qc4 Ne6 35. Nd7 Qe7 36. d5 Qd6+ 37. g3 Ng5 38. Qc8+ Kh7 39. Nf8+ Kg8 40.
h4 Nf3+ 41. Kg2 Ne1+ 42. Kf1 Qxf8 43. Qc7 Kh7 44. d6 c2 45. d7 Nf3 46. Kg2 Rd3 47. Qxc2 Ne1+ 48. Kf1 Nxc2 49. Rc7 Rxd7 50. Rxc2 Re7 51.
Rc6 Qe8 52. Rxa6 Qb5+ 53. Kg2 Qxa6 0-1

[Event "*** Titled Tuesday Blitz"]
[Site "Chess.com"]
[Date "2020.11.24"]
[Round "9"]
[White "vinniethepooh"]
[Black "Szparu"]
[Result "1-0"]
[WhiteElo "2620"]
[BlackElo "2512"]
[TimeControl "180+1"]
[EndTime "12:03:55 PST"]
[Termination "vinniethepooh won by resignation"]

1. d4 Nf6 2. c4 g6 3. Nc3 d5 4.
cxd5 Nxd5 5. Bd2 Nb6 6. Bf4 Bg7 7. e3 O-O 8. Nf3 Bg4 9. h3 Bxf3 10. Qxf3 c6 11. Be2 N8d7 12. O-O e5 13. dxe5 Nxe5 14. Qe4 Re8 15. Rad1 Qe7 16. Qc2 Nec4 17. b3 Na3 18. Qc1 Qb4 19. Bd6 Qxc3 20. Qxa3 a5 21.
Bf3 a4 22. Qc5 axb3 23. axb3 Nd7 24. Qxc3 Bxc3 25. Bb4 Bxb4 26. Rxd7 Re7 27. Rfd1 Rae8 28. Bg4 Rxd7 29. Rxd7 Re7 30. Rd8+ Kg7 31. g3 f5 32. Be2 Kf6 33. Kg2 Ke5 34. Bc4 Bc5 35. Kf3 Kf6 36. Rf8+ Ke5 37. Ke2 b5 38. Bd3 Kd6 39. Rc8 Kd7 40. Ra8 Kc7 41. Rg8 Kb6 42. h4 Ka5 43. h5 Kb4 44. hxg6 hxg6 45. Rxg6 Rc7 46. Bxf5 Kxb3 47. Be4 Kc3 48. Rxc6 Rxc6 49. Bxc6 b4 50. Be4 b3 51. g4 Be7 52. f4 b2 53. g5 1-0

[Event "*** Titled Tuesday Blitz"]
[Site "Chess.com"]
[Date "2020.11.24"]
[Round "9"]
[White "djano"]
[Black "Jungle_Jaguar"]
[Result "0-1"]
[WhiteElo "2458"]
[BlackElo "2612"]
[TimeControl "180+1"]
[EndTime "12:04:00 PST"]
[Termination "Jungle_Jaguar won by resignation"]

1. d4 Nf6 2. Nf3 g6 3. c3 Bg7 4.
Bg5 O-O 5. Nbd2 d5 6. e3 Nc6 7.
Bb5 Bf5 8. O-O a6 9. Be2 e5 10. dxe5 Nxe5 11. Nxe5 Qd6 12. Nef3 Rfe8 13. a4 h6 14. Bf4 Qe7 15. Qb3 c6 16. Rfe1 Nh5 17. Bg3 Nxg3 18. hxg3 h5 19. Nd4 Bg4 20. Bxg4 hxg4 21. Qd1 Qg5 22. f4 gxf3 23. Qxf3 Be5 24.
Nf1 Kg7 25. e4 Rad8 26. exd5 Rxd5 27. Rad1 Rh8 28. Ne2 Ra5 29. Nf4 Bc7 30. Rd7 Bb6+ 31. Ne3 Qf6 32. Nh3 Rf5 33. Qd1 Re5 34. Rd3 Qe6 35. Qf3 Re8 36. Nf4 Qb3 37. Kf1 Qxb2 38. Rd7 Bxe3 39. Ne6+ R8xe6 40. Qxf7+ Kh6 41. Qf8+ Kg5 42. Qd8+ Rf6+ 43. Qxf6+ Kxf6 44. Rd6+ Re6 45. Rxe6+ Kxe6 46. Rxe3+ Kd5 47. Re2 Qb1+ 48. Kf2 Qf5+ 49. Ke1 Kc4 50. Re3 Qb1+ 51. Kf2 Qc2+ 52. Kf3 b5 53. axb5 cxb5 54. g4 a5 55. g5 Qf5+ 56. Kg3 Qxg5+ 57. Kf2 Qxe3+ 58. Kxe3 Kxc3 0-1

[Event "*** Titled Tuesday Blitz"]
[Site "Chess.com"]
[Date "2020.11.24"]
[Round "9"]
[White "ChessWarrior7197"]
[Black "DenLaz"]
[Result "0-1"]
[WhiteElo "2977"]
[BlackElo "2779"]
[TimeControl "180+1"]
[EndTime "12:04:01 PST"]
[Termination "DenLaz won on time"]

1. c4 c6 2. Nf3 d5 3. g3 Nf6 4. Bg2 Bf5 5. O-O e6 6. d3 dxc4 7. dxc4 Nbd7 8. Nc3 h6 9. b3 Be7 10. Bb2 O-O 11. Qc1 Qc7 12. Rd1 Rad8 13. Ba3 Bxa3 14. Qxa3 a6 15. c5 Ne4 16. Nxe4 Bxe4 17. Rd6 Nf6 18.
Rad1 Bd5 19. Nd2 Bxg2 20. Kxg2 Ne8 21. Nc4 Nxd6 22. cxd6 Qb8 23. e4 b5 24. Ne5 b4 25.
Qxa6 Rxd6 26. Nxc6 Rxd1 27. Nxb8 Rxb8 28. Qa7 Rdd8 29. g4 Ra8 30. Qc5 Rdb8 31. Qc2 Ra7 32. Qd2 Rab7 33. h4 Ra8 34. Kg3 Rba7 35. Qxb4 Rxa2 36.
f3 Rb2 37. Qb7 Rd8 38. b4 Rb3 39. Kf4 Rdd3 40. Ke5 Rxf3 41. g5 hxg5 42. hxg5 Kh7 43. b5 Kg6 44. b6 Rb5+ 45. Kd4 Rfb3 46. Qe7 Rxb6 47. Qe8 R6b4+ 48. Ke5 Re3 49. Kd6 Rexe4 50. Ke7 Rb7+ 51. Kd6 Rd4+ 0-1

[Event "*** Titled Tuesday Blitz"]
[Site "Chess.com"]
[Date "2020.11.24"]
[Round "9"]
[White "Artyom_ChessMate"]
[Black "RestartingChess"]
[Result "1-0"]
[WhiteElo "2524"]
[BlackElo "2539"]
[TimeControl "180+1"]
[EndTime "12:04:02 PST"]
[Termination "Artyom_ChessMate won by checkmate"]

1. e4 Nf6 2. e5 Nd5 3. d4 d6 4. Nf3 g6 5. Bc4 Nb6 6. Bb3 Bg7 7. Ng5 d5 8. f4 h6 9. Nf3 Bg4 10. c3 e6 11. O-O O-O 12. h3 Bxf3 13. Qxf3 N8d7 14.
Be3 Rc8 15. a4 a5 16. Na3 c5 17. Nb5 cxd4 18. cxd4 Nc4 19. Bxc4 Rxc4 20. Rfc1 Rb4 21. Qe2 Nb6 22. Nd6 Qd7 23. Rc5 Nxa4 24. Rxa5 Nxb2 25.
Qd2 Rb6 26. Rc1 Rxd6 27. Qxb2 Rc6 28. Rb1 Rb8 29. Qb5 Bf8 30. Ra7 Rc1+ 31. Bxc1 Qd8 32. Rxb7 Rxb7 33. Qxb7 Qh4 34. Be3 Qg3 35. Qb3 Kh7 36. Qc3 Be7 37. Qe1 Bh4 38. Qxg3 Bxg3 39. Rb7 Kg7 40. Kf1 g5 41. fxg5 hxg5 42. Bxg5 Kg6 43.
Bf6 Bf4 44. Ke2 Bg3 45. Kd3 Be1 46. Rb8 Kf5 47. Rg8 Bf2 48. g4+ Kf4 49. h4 Be3 50. h5 Kf3 51. g5 Bf2 52. h6 Kg4 53. h7 Kf5 54. h8=Q Bh4 55. Qh7+ Kg4 56. Qxh4+ Kxh4 57. g6+ Kh5 58. gxf7 Kh6 59. f8=Q+ Kh5 60. Rh8+ Kg4 61. Qg7+ Kf5 62. Rh5+ Kf4 63. Qg5+ Kf3 64. Rh3+ Kf2 65.
Qg3+ Kf1 66. Rh1# 1-0

[Event "*** Titled Tuesday Blitz"]
[Site "Chess.com"]
[Date "2020.11.24"]
[Round "9"]
[White "KononenkoD"]
[Black "IceBelka"]
[Result "1-0"]
[WhiteElo "2487"]
[BlackElo "2328"]
[TimeControl "180+1"]
[EndTime "12:04:02 PST"]
[Termination "KononenkoD won on time"]

1. d4 d5 2. c4 e6 3. Nf3 c6 4. g3 dxc4 5. Bg2 b5 6. O-O Bb7 7. a4 Nf6 8. Ne5 Qc8 9. b3 cxb3 10. Qxb3 b4 11. Nd2 c5 12. Bb2 Bxg2 13. Kxg2 Qb7+ 14.
Ndf3 a5 15. Rac1 Nbd7 16. Kg1 Rc8 17. Nxf7 Kxf7 18. Ng5+ Kg6 19. Qxe6 Qd5 20. Qa6 Kxg5 21. Qxc8 Kg6 22. dxc5 Nxc5 23. Rfd1 Qb3 24. Bxf6 gxf6 25. Qg4+ Kf7 26. Rd8 Ne6 27. Qh5+ Ke7 28. Rdc8 Qxa4 29. Qd5 Qd7 30. Qa8 Kf7 31. Qxa5 Kg6 32. Qa2 Bh6 33. Qb1+ Kg7 34. Rxh8 Kxh8 35. Rd1 Qe7 36. Qe4 Bf8 37. Rd5 Kg7 38. Rb5 Kf7 39. Rb6 Ng5 40. Qd5+ Kg7 41.
Rb7 Qxb7 42. Qxb7+ Nf7 43. h4 h6 44. h5 Kg8 45. Kg2 Kg7 46. Qd5 Be7 47. Qb7 Bf8 48.
g4 Bd6 49. f3 Be5 50. e3 Bc3 51. f4 Kg8 52. Kf3 Nd6 53. Qb8+ Kg7 54. Qxd6 f5 55. Qd7+ 1-0

[Event "*** Titled Tuesday Blitz"]
[Site "Chess.com"]
[Date "2020.11.24"]
[Round "9"]
[White "kkpanu9"]
[Black "HackingKid98"]
[Result "0-1"]
[WhiteElo "2078"]
[BlackElo "2324"]
[TimeControl "180+1"]
[EndTime "12:04:02 PST"]
[Termination "HackingKid98 won on time"]

1. e4 c6 2. d4 d5 3. exd5 cxd5 4. Bd3 Nf6 5. Bf4 g6 6. c3 Bg7 7. Nd2 O-O 8. Ngf3 Bf5 9. Bxf5 gxf5 10. O-O Nc6 11. Re1 e6 12. Ne5 Ne4 13. f3 Nxd2 14. Qxd2 Nxe5 15. Bxe5 Bxe5 16. Rxe5 Kh8 17. Kh1 Rg8 18. Qf4 Rg6 19. Rg1 Qf6 20. g3 Rag8 21.
h4 b5 22. Rg2 a5 23. Re1 Qg7 24. Reg1 h5 25. Kh2 Kh7 26. Qc7 a4 27. a3 Qf6 28.
Qe5 Qe7 29. Kh3 Qd8 30. g4 hxg4+ 31. fxg4 fxg4+ 32. Rxg4 Rxg4 33. Rxg4 Rxg4 34. Qh5+ Kg7 35. Kxg4 Qf6 36. Qg5+ Qg6 37. h5 Qxg5+ 38. Kxg5 f6+ 39.
Kh4 Kh6 40. Kg4 Kh7 41. Kh4 Kg7 42. Kg4 Kh6 43. Kh4 f5 44. Kg3 Kxh5 45. Kf4 Kh4 46.
Ke5 Kg4 47. Kxe6 f4 48. Kxd5 f3 49. Kc6 f2 50. d5 f1=Q 51. d6 Qc4+ 52. Kd7 Kf5 53. Kd8 Qd5 54. Kc7 Qc5+ 0-1

[Event "*** Titled Tuesday Blitz"]
[Site "Chess.com"]
[Date "2020.11.24"]
[Round "9"]
[White "Fandorine"]
[Black "Evgeny81"]
[Result "1-0"]
[WhiteElo "2871"]
[BlackElo "2723"]
[TimeControl "180+1"]
[EndTime "12:04:03 PST"]
[Termination "Fandorine won by resignation"]

1. f4 d5 2. g3 c5 3. Bg2 g6 4. Nf3 Bg7 5. O-O Nf6 6. d3 O-O 7. Qe1 d4 8. Na3 Nc6 9. Bd2 Be6 10. c3 Rc8 11. Kh1 a6 12. Nc2 Qb6 13. b3 Rfd8 14.
c4 Qc7 15. b4 b6 16. Rb1 h6 17.
a3 Bf5 18. Nh4 Bd7 19. bxc5 bxc5 20. Na1 Rb8 21. Nb3 Qd6 22. Nf3 Ng4 23. h3 Ne3 24. Bxe3 dxe3 25. Qc1 Nd4 26. Nfxd4 cxd4 27. c5 Qc7 28. c6 Bc8 29. Nc5 Rxb1 30. Qxb1 Rd6 31. Rc1 Rxc6 32. Bxc6 Qxc6+ 33. Ne4 Qa8 34. Qc2 Bxh3 35.
Qc6 Qb8 36. a4 Bg4 37. Qc2 Qb4 38. Kg1 Qa5 39. Nc5 Qd8 40. Qa2 e5 41. fxe5 Bxe5 42. Ne4 Be6 43. Qc2 Qa5 44. Qc5 Qxc5 45. Rxc5 f6 46.
Rc6 Bg4 47. Kf1 Bh3+ 48. Kg1 Bg4 49. Nxf6+ Bxf6 50. Rxf6 Bxe2 51. Rxg6+ Kf7 52. Rd6 Bxd3 53. Rxd4 Bf5 54. Kf1 h5 55. Ke2 1-0

[Event "*** Titled Tuesday Blitz"]
[Site "Chess.com"]
[Date "2020.11.24"]
[Round "9"]
[White "ural58"]
[Black "Gudmundur_Kjartansson"]
[Result "1-0"]
[WhiteElo "2454"]
[BlackElo "2537"]
[TimeControl "180+1"]
[EndTime "12:04:03 PST"]
[Termination "ural58 won on time"]

1. e4 c5 2. b3 Nf6 3. e5 Nd5 4. Nc3 Nc7 5. d4 cxd4 6. Qxd4 Nc6 7. Qe4 d5 8. exd6 Qxd6 9. Bb2 Qg6 10. O-O-O Qxe4 11.
Nxe4 Bf5 12. Ng3 Bg6 13. Nf3 f6 14. Nh4 Bf7 15. f4 e6 16. Bc4 Rd8 17. Rxd8+ Kxd8 18. f5 Ke8 19. fxe6 Bxe6 20. Re1 Kf7 21. Be2 Bb4 22. Rf1 Rd8 23. Nhf5 Nd5 24. Ne4 Nce7 25. Bh5+ g6 26. Nxe7 Kxe7 27. Bf3 f5 28. Ng5 Bg8 29. Bxd5 Rxd5 30. Kb1 Bd2 31. Nf3 Bb4 32. c4 Rd8 33. a3 Ba5 34. b4 Bc7 35. Re1+ Kf8 36. c5 Bc4 37. Be5 Bd3+ 38. Kb2 Bxe5+ 39. Nxe5 Be4 40. Nc4 Rd4 41. Nd6 Bxg2 42. Re8+ Kg7 43. Re7+ Kh6 44. Nxb7 Rd2+ 45. Kc3 Rf2 46. a4 Be4 47. b5 Rxh2 48. c6 Rc2+ 49. Kd4 g5 50. Nc5 g4 51. c7 Bb7 52.
Nxb7 g3 53. Nc5 g2 54. Re1 1-0